 Dungeon Crawl Stone Soup version 0.17-a0-2014-g32cd421 (webtiles) character file.

50 tp1 the Skirmisher (level 3, -2/24 HPs)
             Began as a Gargoyle Berserker on Oct 9, 2015.
             Was a Believer of Trog.
             Slain by a gnoll
             ... wielding a +0 halberd
              (9 damage)
             ... on level 2 of the Dungeon.
             The game lasted 00:04:37 (948 turns).

tp1 the Skirmisher (Gargoyle Berserker)              Turns: 948, Time: 00:04:40

Health: -2/24      AC:  9    Str: 20    XL:     3   Next: 79%
Magic:  3/3        EV: 10    Int:  7    God:    Trog [**....]
Gold:   53         SH:  0    Dex: 10    Spells: 0 memorised, 2 levels left

rFire  . . .     SeeInvis .     e - +0 hand axe (chop)
rCold  . . .     Clarity  .     f - +0 scale mail
rNeg   + . .     SustAt   .     (no shield)
rPois  ∞         Gourm    .     (no helmet)
rElec  +         Spirit   .     (no cloak)
rCorr  .         Warding  .     (no gloves)
rMut   .         Rnd*Tele +     (no boots)
MR     .....                    (no amulet)
Stlth  ..........               (no ring)
                                m - ring of teleportation (curse)

@: not resistant to hostile enchantments, extremely unstealthy
A: negative energy resistance 1, electricity resistance, unbreathing,
petrification resistance, rot immunity, AC +3
a: Burn Spellbooks, Berserk, Trog's Hand, Renounce Religion, Evoke Teleportation


You were on level 2 of the Dungeon.
You worshipped Trog.
Trog was pleased with you.
You were not hungry.

You visited 1 branch of the dungeon, and saw 2 of its levels.

You collected 53 gold pieces.

Inventory:

Hand Weapons
 a - a +0 hand axe
 e - a +0 hand axe of chopping (weapon)
Armour
 b - a +0 animal skin
 f - a +0 scale mail (worn)
Jewellery
 m - a cursed ring of teleportation (left hand)
Scrolls
 g - a scroll of remove curse {unknown}
 h - a scroll of immolation {unknown}
 k - a scroll of identify {unknown}
Potions
 j - a potion of curing {unknown}
Comestibles
 c - a bread ration
 d - 2 meat rations
 i - a royal jelly
 l - 4 chunks of flesh


   Skills:
 + Level 3.8 Fighting
 + Level 3.2 Axes
 + Level 2.5 Armour
 + Level 2.1 Dodging


You had 2 spell levels left.
You didn't know any spells.

Dungeon Overview and Level Annotations

Branches:
Dungeon (2/15)

Altars:


Innate Abilities, Weirdness & Mutations

You are resistant to torment.
Your stone body is resilient (AC +3).
You are immune to poison.
You resist negative energy.
You are resistant to electric shocks.
You can survive without breathing.
You are immune to petrification.
You are immune to rotting.


Message History

The gnoll barely misses you. x2
The adder closely misses you.
Unknown command.
You closely miss the adder. You hit the gnoll.
The gnoll is heavily wounded.
The gnoll hits you but does no damage. The adder completely misses you.
The gnoll hits you but does no damage.
The gnoll hits you from afar with a halberd!
* * * LOW HITPOINT WARNING * * *
The gnoll hits you but does no damage.
You are too injured to fight recklessly!
You are too injured to fight recklessly!
You are too injured to fight recklessly!
You slash the gnoll!
You kill the gnoll!
Trog accepts your kill.
You closely miss the adder. The adder bites you but does no damage.
The gnoll barely misses you.
The gnoll hits you from afar with a halberd!
You die...

#....# #...# #....#
#...# ### ##
#.##)####..# ...###.
#.##..###..#
##..#..####.###...#..#
........##..# ###....#
.....g..##.## ###.##
.....g).##.# #.#
......S@##.#### ...
#####.†.......# ....
####......# .....
#......# #######
#>.....# #......#
########


You could see 2 gnolls and an adder.

Vanquished Creatures
  2 gnolls (D:2)
  A worm (D:2)
  A giant gecko (D:1)
  A ball python (D:1)
  A giant cockroach (D:1)
  6 goblins (D:1)
  A hobgoblin (D:1)
  5 kobolds
  6 bats
  A giant newt (D:1)
  4 rats (D:1)
29 creatures vanquished.

Notes
Turn   | Place    | Note
--------------------------------------------------------------
     0 | D:1      | tp1 the Gargoyle Berserker began the quest for the Orb.
     0 | D:1      | Reached XP level 1. HP: 14/14 MP: 1/1
   101 | D:1      | Reached XP level 2. HP: 16/19 MP: 2/2
   431 | D:1      | Acquired Trog's second power
   748 | D:1      | Reached XP level 3. HP: 24/24 MP: 3/3
   948 | D:2      | Slain by a gnoll

Vault maps used:
D:1:      dpeg_arrival_rooms_c
D:2:      first_bread, uniq_iyjb, uniq_robin

Action                   || total
-------------------------++-------
Melee: Hand axe          ||    90
